 Dungeon Crawl Stone Soup version 0.29.1-15-g9cfb28693d (webtiles) character file.

Game seed: 17683998233849702688

494 Heoruswealwe the Shooter (level 6, -4/52 HPs)
             Began as a Demigod Hunter on Mar 27, 2023.
             Killed by divine providence
             ... invoked by an orc priest
              (12 damage)
             ... on level 5 of the Dungeon.
             The game lasted 00:29:08 (2796 turns).

Heoruswealwe the Shooter (Demigod Hunter)           Turns: 2796, Time: 00:29:10

Health: -4/52      AC:  4    Str: 12    XL:     6   Next: 60%
Magic:  8/8        EV: 14    Int: 11    God:
Gold:   44         SH:  0    Dex: 25    Spells: 5/5 levels left

rFire   . . .      SeeInvis .   a - +0 shortbow
rCold   . . .      Faith    .   (shield currently unavailable)
rNeg    . . .      Spirit   .   c - +0 leather armour
rPois   .          Reflect  +   j - +0 helmet
rElec   .          Harm     .   (no cloak)
rCorr   .          Rampage  .   (no gloves)
Will    .....                   (no boots)
Stlth   +.........              l - amulet of reflection
HPRegen 0.17/turn               (no ring)
MPRegen 0.11/turn               (no ring)

@: confused, brilliant
A: high MP 1, forlorn, divine attributes
a: no special abilities


You were on level 5 of the Dungeon.
You visited 1 branch of the dungeon, and saw 4 of its levels.
You also visited: Sewer.

You collected 185 gold pieces.
You spent 141 gold pieces at shops.

Inventory:

Hand Weapons
 a - a +0 shortbow (weapon)
Armour
 c - a +0 leather armour (worn)
 j - a +0 helmet (worn)
Jewellery
 l - an amulet of reflection (around neck)
Wands
 p - a wand of paralysis (7)
 t - a wand of light (12)
Scrolls
 f - a scroll of blinking
 g - a scroll of magic mapping
 i - a scroll of amnesia
 n - 2 scrolls of teleportation
Potions
 d - a potion of resistance
 h - a potion of heal wounds
 k - 2 potions of curing
 q - a potion of lignification
 r - a potion of brilliance


   Skills:
 + Level 3.7 Fighting
 + Level 4.9 Ranged Weapons
 + Level 3.7 Dodging
 + Level 3.5 Stealth


You had 5 spell levels left.
You didn't know any spells.
Your spell library contained the following spells:

 Spells                   Type           Power      Damage    Failure   Level
 Gell's Gravitas          Tloc           0%         N/A       80%         3
 Teleport Other           Tloc           0%         N/A       80%         3
 Dispersal                Tloc           0%         N/A       100%        6


Dungeon Overview and Level Annotations

Branches:
Dungeon (5/15)              Sewer (visited)
 Temple: D:4-7

Shops:
D:2 [   D:5 *


Innate Abilities, Weirdness & Mutations

You have an increased reservoir of magic. (+10% MP)
You shall have no god before yourself.
Your divine heritage dramatically boosts your attributes as you level up.


Message History

The arrow hits the orc but does no damage.
The orc is heavily wounded.
The orc hits you but does no damage.
The orc priest hits you with a +1 mace of protection.
The orc barely misses you.
You shoot an arrow. The arrow hits the orc.
The orc is heavily wounded.
The orc hits you with a +0 short sword. The orc priest completely misses you.
You shoot an arrow. The arrow barely misses the orc.
The orc priest calls upon Beogh to heal the orc.
The orc's wounds heal themselves!
The orc barely misses you. The orc hits you but does no damage.
You shoot an arrow. The arrow hits the orc priest!
The orc priest is severely wounded.
The orc priest invokes the aid of Beogh against you.
Beogh smites you! The orc hits you with a +0 short sword.
You shoot an arrow. The arrow hits the orc priest.
The orc priest is almost dead.
The orc wizard gestures at you while chanting.
You are confused.
The orc barely misses you.
The orc priest hits you with a +1 mace of protection!
You shoot an arrow. The orc wizard casts a spell at you.
The magic dart hits you.
The orc priest hits you but does no damage.
The orc misses you.
You shoot an arrow.
The orc wizard hits you but does no damage.
The orc priest begins to cast a cantrip, but forgets the words!
The orc hits you with a +0 short sword.
* * * LOW HITPOINT WARNING * * *
The orc hits you with a +0 short sword.
* * * LOW HITPOINT WARNING * * *
The orc wizard gestures at you while chanting.
The puff of flame hits you.
* * * LOW HITPOINT WARNING * * *
The orc priest calls down the wrath of Beogh upon you.
Beogh smites you!
You die...

.. ## .. ..
.#.. #. .
....##.## .#
.....#..# ..#
..)...#.###.#
......o.....#
......o@..##
.....##o...#
#.. ###..###
# #....#
##.#...# #.#
#... #∩# ##
####### #.#
#.....# #.#


You could see an orc priest, an orc wizard and an orc.

Vanquished Creatures
  Grinder (D:3)
  Ijyb (D:3)
  A merfolk siren (Sewer)
  A merfolk avatar (Sewer)
  7 adders
  6 river rats
  2 dart slugs (D:1)
  An orc (D:5)
  6 ball pythons
  11 bats
  7 endoplasms
  9 giant cockroaches
  6 goblins
  6 hobgoblins
  2 jackals (D:1)
  3 kobolds
  7 quokkas
  4 frilled lizards
  35 rats
116 creatures vanquished.

Notes
Turn   | Place    | Note
-------+----------+-------------------------------------------
     0 | D:1      | Heoruswealwe the Demigod Hunter began the quest for the
                  | Orb.
     0 | D:1      | Reached XP level 1. HP: 17/17 MP: 3/3
   128 | D:1      | Reached skill level 1 in Stealth
   250 | D:1      | Reached XP level 2. HP: 24/24 MP: 4/4
   391 | D:1      | You fall into a shaft and drop 1 floor!
   657 | D:1      | Reached XP level 3. HP: 29/29 MP: 5/5
  1173 | D:2      | Reached skill level 4 in Ranged Weapons
  1495 | D:2      | Found Awnueq's Armour Shoppe.
  1499 | D:2      | Reached XP level 4. HP: 37/37 MP: 6/6
  1871 | D:3      | Noticed Grinder
  1875 | D:3      | Paralysed by Grinder for 4 turns
  1884 | D:3      | Paralysed by Grinder for 3 turns
  1888 | D:3      | Killed Grinder
  1889 | D:3      | Reached XP level 5. HP: 22/45 MP: 7/7
  2035 | D:3      | Found a glowing drain.
  2043 | Sewer    | Entered a sewer
  2047 | Sewer    | Reached XP level 6. HP: 42/51 MP: 8/8
  2646 | D:3      | Noticed Ijyb
  2653 | D:3      | Killed Ijyb
  2694 | D:3      | You fall into a shaft and drop 2 floors!
  2694 | D:5      | Entered Level 5 of the Dungeon
  2720 | D:5      | Found Taihatuv's Assorted Antiques.
  2727 | D:5      | Bought a dark potion for 27 gold pieces
  2727 | D:5      | Bought a scroll of identify for 60 gold pieces
  2727 | D:5      | Bought a grey potion for 27 gold pieces
  2727 | D:5      | Bought a bubbling clear potion for 27 gold pieces
  2796 | D:5      | Killed from afar by an orc priest

Illustrated notes

Levels and vault maps discovered:
D:1:      roderic_octagonal_star, layout_basic
D:2:      kennysheep_big_flooded_room, layout_loops_corners, serial_shops, shop
D:3:      layout_rooms, portal_sewer_entry_b, minmay_lizard_king, uniq_ijyb,
          uniq_grinder
D:5:      layout_rooms, minmay_temple_entry_statues_fountains, serial_shops,
          shop, dreamdust_princess_corridor, uniq_duvessa

Skill      XL: |  1  2  3  4 |
---------------+-------------+-----
Stealth        | 1 2 3 |  3.5
Fighting       | 2 3 |  3.7
Dodging        | 2 3 |  3.7
Ranged Weapons | 4 |  4.9

Action                   |  1- 3 |  4- 6 || total
-------------------------+-------+-------++-------
 Fire: Shortbow          |   109 |   194 ||   303
  Use: Scroll            |     1 |     5 ||     6
       Potion            |       |    10 ||    10
Armor: Leather armour    |     7 |    23 ||    30
Dodge: Dodged            |    34 |    55 ||    89
Block: Other             |       |    15 ||    15
